 Dungeon Crawl Stone Soup version 0.28-a0-691-gad6df49e81 (webtiles) character file.

Game seed: 4669611589669511202

60 BlueGoblin the Insei (level 4, 0/28 HPs)
             Began as an Octopode Transmuter on Oct 21, 2021.
             Succumbed to an adder's poison
             ... on level 2 of the Dungeon.
             The game lasted 00:02:27 (2430 turns).

BlueGoblin the Insei (Octopode Transmuter)          Turns: 2430, Time: 00:02:27

Health: 0/28       AC:  1    Str:  9    XL:     4   Next: 4%
Magic:  7/8        EV: 13    Int: 16    God:
Gold:   45         SH:  0    Dex: 12    Spells: 8/9 levels left

rFire   . . .      SeeInvis .     - Unarmed
rCold   . . .      Faith    .   (no shield)
rNeg    . . .      Spirit   .   (helmet restricted)
rPois   .          Reflect  .   (no amulet)
rElec   .          Harm     .   (no ring)
rCorr   .          Rampage  .   (no ring)
Will    .....                   (no ring)
Stlth   ++........              (no ring)
HPRegen 0.09/turn               (no ring)
MPRegen 0.11/turn               (no ring)
                                (no ring)
                                (no ring)

@: lethally poisoned (0 -> -5)
A: almost no armour, amphibious, 8 rings, camouflage 1, gelatinous body 1,
(nimble swimmer 1), tentacles
a: no special abilities


You were on level 2 of the Dungeon.
You visited 1 branch of the dungeon, and saw 2 of its levels.

You collected 45 gold pieces.

Inventory:

Scrolls
 a - 2 scrolls of teleportation {unknown}
 c - 2 scrolls of silence {unknown}
 d - a scroll of amnesia {unknown}


   Skills:
 - Level 1.0 Fighting
 + Level 2.5 Dodging
 - Level 3.0 Unarmed Combat
 + Level 3.0 Spellcasting
 + Level 3.0 Transmutations


You had 8 spell levels left.
You knew the following spells:

 Your Spells              Type           Power      Damage    Failure   Level
a - Beastly Appendage     Tmut           24%        N/A       5%          1

Your spell library contained the following spells:

 Spells                   Type           Power      Damage    Failure   Level
 Wereblood                Tmut           12%        N/A       9%          2
 Spider Form              Tmut/Pois      3%         N/A       30%         3
 Ice Form                 Ice/Tmut       7%         N/A       69%         4


Dungeon Overview and Level Annotations

Branches:
Dungeon (2/15)

Altars:


Innate Abilities, Weirdness & Mutations

You cannot wear most types of armour.
You are amphibious.
You can wear up to eight rings at the same time.
Your skin changes colour to match your surroundings (Stealth+).
Your rubbery body absorbs attacks. (AC +1, EV +1)
((You are camouflaged near water. (Stealth+)))
You have tentacles for arms and can constrict up to eight enemies at once.


Message History

Your grab misses the adder. You squeeze the adder.
The adder is lightly wounded.
The adder misses you. The adder bites you.
The endoplasm splashes around in the water.
Your magical contamination has completely faded away.
One of your tentacles grows a vicious spike.
The adder bites you.
You are poisoned.
The adder poisons you! The endoplasm hits you. The adder misses you.
You barely miss the adder. Your grab misses the adder.
You feel sick. The adder completely misses you. The endoplasm freezes you.
You are frozen.
You tentacle-slap the adder. Your grab misses the adder.
The adder is lightly wounded.
You feel sick. The adder bites you.
You are more poisoned.
The adder poisons you! The endoplasm freezes you.
You are frozen.
It was a potion of cancellation.
Your magical effects are unravelling.
You feel magically purged.
Your tentacle spike disappears.
* * * LOW HITPOINT WARNING * * *
You feel sick. The adder closely misses you. The endoplasm hits you.
* * * LOW HITPOINT WARNING * * *
The adder barely misses you.
You tentacle-slap the adder but do no damage.
Your grab misses the adder. You squeeze the adder.
The adder is heavily wounded.
* * * LOW HITPOINT WARNING * * *
You feel sick. The adder closely misses you. The endoplasm freezes you.
You are frozen.
* * * LOW HITPOINT WARNING * * *
You tentacle-slap the adder. Your grab misses the adder.
Your squeeze misses the adder.
The adder is severely wounded.
You die...

####.......+.........+..........
####>..####.........####...#.#.
#.......# ##.......######..#.#.
#.#####.# #..............#.#.#.
# #.# ##†.........†.##.#.#. #.#
#..≈≈........##..... #.#
##.≈..≈.......####.##
#.###≈≈≈..≈..≈≈...≈ ..#
..##≈≈≈.@≈..≈..≈..≈ #
####≈≈.JS≈.⌠≈..≈..≈≈
#≈≈..≈..≈⌠.≈...≈≈
#≈≈..≈..≈..≈..≈≈≈# ##≈...≈≈..≈..
##.......≈.. #........≈≈
#.(........ ...........


You could see an adder and an endoplasm.

Vanquished Creatures
  2 adders (D:2)
  A dart slug (D:1)
  3 ball pythons (D:1)
  2 endoplasms
  2 giant cockroaches (D:1)
  5 goblins
  5 hobgoblins
  2 jackals (D:1)
  5 quokkas
  A bat (D:1)
  A frilled lizard (D:1)
  3 kobolds
  2 rats
34 creatures vanquished.

Notes
Turn   | Place    | Note
-------+----------+-------------------------------------------
     0 | D:1      | BlueGoblin the Octopode Transmuter began the quest for the
                  | Orb.
     0 | D:1      | Reached XP level 1. HP: 13/13 MP: 3/3
   426 | D:1      | Reached XP level 2. HP: 18/18 MP: 3/5
  1224 | D:1      | Reached XP level 3. HP: 23/23 MP: 4/6
  2204 | D:2      | Reached XP level 4. HP: 27/28 MP: 6/8
  2429 | D:2      | HP: 1/28 [frozen (3)]
  2430 | D:2      | Succumbed to an adder's poison

Illustrated notes

Levels and vault maps discovered:
D:1:      dpeg_arrival_long_road, layout_loops_ring
D:2:      cheibrodos_helix_gallery, layout_loops_corners,
          dilly_ecumenical_altar_fadedgnrine, serial_bayou_ford_a,
          minmay_misc_feat_hallway, uniq_jessica

Skill      XL: |  1  2  3  4 |
---------------+-------------+-----
Spellcasting   | 3 |  3.0
Transmutations | 3 |  3.0
Fighting       | |  1.0
Dodging        | |  2.5
Unarmed Combat | |  3.0

Action                   |  1- 3 |  4- 6 || total
-------------------------+-------+-------++-------
Melee: Unarmed           |    65 |    10 ||    75
       Kick              |    20 |       ||    20
       Constrict         |    23 |     1 ||    24
       Tentacles         |     8 |     4 ||    12
       Punch             |     1 |       ||     1
 Cast: Beastly Appendage |    24 |     2 ||    26
  Use: Potion            |       |     1 ||     1
 Stab: Sleeping          |     4 |     1 ||     5
Armor: Skin              |     4 |     1 ||     5
Dodge: Dodged            |    31 |     7 ||    38

Table legend: (Time is in decaauts)
 A = Elapsed time spent in this place.
 B = Non-inter-level travel time spent in this place.
 C = Inter-level travel time spent in this place.
 D = Time resting spent in this place.
 E = Time spent auto-exploring this place.
 F = Levels seen in this place.
 G = Mean time per level.
                   A        B        C        D        E       F      G
               +--------+--------+--------+--------+--------+-----+--------+
         Total |   2425 |   2402 |     23 |    428 |   1720 |   2 | 1212.5 |
       Dungeon |   2425 |   2402 |     23 |    428 |   1720 |   2 | 1212.5 |
               +--------+--------+--------+--------+--------+-----+--------+

Top non-repeatable levels by time:
     D:1: 1674 daAuts
     D:2: 750 daAuts
